 Dungeon Crawl Stone Soup version 0.23.1 (webtiles) character file.

Game seed: 15865964651388802612

1274 PentaManta the Skirmisher (level 8, -7/67 HPs)
             Began as a Formicid Fighter on Mar 10, 2019.
             Was a Follower of Dithmenos.
             Mangled by a killer bee (8 damage)
             ... on level 6 of the Dungeon.
             The game lasted 00:17:24 (4475 turns).

PentaManta the Skirmisher (Formicid Fighter)        Turns: 4475, Time: 00:17:25

Health: -7/67      AC:  9    Str: 27    XL:     8   Next: 83%
Magic:  8/8        EV: 10    Int: 12    God:    Dithmenos [*.....]
Gold:   224        SH:  5    Dex: 10    Spells: 7/7 levels left

rFire    . . .     SeeInvis +   a - +0 war axe
rCold    . . .     Gourm    .   v - +0 buckler
rNeg     . . .     Faith    .   b - +0 scale mail
rPois    .         Spirit   .   (helmet unavailable)
rElec    .         Reflect  .   i - +0 cloak
rCorr    .         Harm     .   q - +0 pair of gloves
MR       .....                  (no boots)
Stlth    ..........             p - amulet of the acrobat
HPRegen  0.21/turn              u - +3 ring of strength
MPRegen  0.11/turn              g - ring of wizardry

@: brilliant, lethally poisoned (-7 -> -27), wreathed by umbra
A: permanent stasis, dig shafts and tunnels, four strong arms, antennae 3
a: Dig, Shaft Self, Renounce Religion


You were on level 6 of the Dungeon.
You worshipped Dithmenos.
Dithmenos was aware of your devotion.
You were not hungry.

You visited 2 branches of the dungeon, and saw 8 of its levels.

You collected 287 gold pieces.
You spent 63 gold pieces at shops.

Inventory:

Hand Weapons
 a - a +0 war axe (weapon)
 z - a +4 hand axe of freezing
Armour
 b - a +0 scale mail (worn)
 c - a +1 shield
 i - a +0 cloak (worn)
 q - a +0 pair of gloves (worn)
 v - a +0 buckler (worn)
Jewellery
 g - a ring of wizardry (right hand)
 p - an amulet of the acrobat (around neck)
 u - a +3 ring of strength (left hand)
Wands
 r - a wand of random effects (17)
Scrolls
 e - 2 scrolls of identify
 h - 4 scrolls of remove curse
 m - a scroll of blinking {unknown}
 n - a scroll of enchant armour
 s - a scroll of fog {unknown}
 y - a scroll of enchant weapon {unknown}
Potions
 d - 4 potions of might
 j - a potion of brilliance
 k - a potion of ambrosia {unknown}
 l - a potion of agility
 o - 3 potions of mutation
 t - a potion of resistance
 x - a potion of heal wounds {unknown}
Comestibles
 f - 5 rations


   Skills:
 + Level 7.5 Fighting
 + Level 6.4 Axes
 - Level 3.2 Armour
 * Level 7.0 Shields


You had 7 spell levels left.
You didn't know any spells.
Your spell library was empty.

Dungeon Overview and Level Annotations

Branches:
Dungeon (7/15)             Temple (1/1) D:4

Altars:
Ashenzari
Cheibriados
Dithmenos
Elyvilon
Fedhas
Kikubaaqudgha
Makhleb
Nemelex Xobeh
Okawaru
Qazlal
Ru
Trog
Uskayaw
Vehumet
Wu Jian
Xom
Yredelemnul
The Shining One

Shops:
D:4 [

Annotations:
D:5 Dowan, Duvessa


Innate Abilities, Weirdness & Mutations

You cannot be hasted, slowed, berserked, paralysed or teleported.
You can dig through walls and to a lower floor.
Your four strong arms can wield two-handed weapons with a shield.
You have a pair of large antennae on your head. (SInv)


Message History

You feel sick. The killer bee closely misses you.
The killer bee stings you but does no damage.
You block the killer bee's attack. The killer bee stings you.
* * * LOW HITPOINT WARNING * * *
The killer bee stings you.
* * * LOW HITPOINT WARNING * * *
You block the killer bee's attack.
You climb upwards.
An orc comes into view. It is wielding a +0 club.
* * * LOW HITPOINT WARNING * * *
You feel very sick.
There is a stone staircase leading down here.
It was a potion of brilliance.
You feel clever all of a sudden.
* * * LOW HITPOINT WARNING * * *
You feel sick. You block the killer bee's attack.
The killer bee barely misses you. x2
The killer bee stings you but does no damage.
You block the killer bee's attack. The killer bee stings you!
You die...

..... ..... #...
..... #...#
..... #<..>#
..... . #.....#
.....
..#######......#
.....
....(..#.......#
.....
.[.....yy......#
.....
#[o@...?..#
..###
#.....###y......
### #....
....... #......
....... #......
...!... ##......
.......
##.......
.......
##........
.......
###.......


You could see 3 killer bees and an orc.

Vanquished Creatures
  Grinder (D:3)
  Eustachio (D:5)
  An ogre (D:4)
  A phantom (D:7)
  A scorpion (D:4)
  A killer bee (D:6)
  A wight (D:7)
  A crimson imp (D:5)
  A bullfrog zombie (D:4)
  A hound (D:6)
  2 orc priests
  An orc wizard (D:6)
  A bullfrog skeleton (D:4)
  A centaur skeleton (D:4)
  Jessica (D:3)
  2 worker ants (D:4)
  A hound skeleton (D:4)
  A howler monkey zombie (D:4)
  4 worker ant zombies (D:4)
  Robin (D:3)
  A howler monkey skeleton (D:4)
  7 adders
  3 oozes
  2 adder skeletons (D:4)
  2 adder zombies (D:4)
  A worm (D:2)
  6 dart slugs
  4 leopard geckos
  11 orcs
  2 giant cockroaches (D:3)
  18 goblins
  7 hobgoblins
  3 jackals (D:4)
  A quokka (D:2)
  A ball python (D:1)
  10 bats
  10 frilled lizards
  2 giant cockroach zombies (D:4)
  A jackal zombie (D:4)
  10 kobolds
  A leopard gecko zombie (D:4)
  A quokka skeleton (D:4)
  2 quokka zombies (D:4)
  11 rats
142 creatures vanquished.

Notes
Turn   | Place    | Note
-------+----------+-------------------------------------------
     0 | D:1      | PentaManta the Formicid Fighter began the quest for the
                  | Orb.
     0 | D:1      | Reached XP level 1. HP: 18/18 MP: 1/1
    85 | D:1      | Reached XP level 2. HP: 17/24 MP: 2/2
   326 | D:1      | Reached XP level 3. HP: 21/30 MP: 3/3
  1198 | D:2      | Found an ornate altar of the Wu Jian Council.
  1307 | D:2      | Reached XP level 4. HP: 37/37 MP: 4/4
  2046 | D:3      | Noticed Robin
  2071 | D:3      | Reached XP level 5. HP: 43/43 MP: 5/5
  2079 | D:3      | Killed Robin
  2200 | D:3      | Noticed Jessica
  2207 | D:3      | Killed Jessica
  2207 | D:3      | Reached skill level 5 in Fighting
  2338 | D:3      | Found an ancient bone altar of Kikubaaqudgha.
  2355 | D:3      | Found a bloodstained altar of Trog.
  2366 | D:3      | Noticed Grinder
  2385 | D:3      | Killed Grinder
  2385 | D:3      | Reached skill level 5 in Axes
  2385 | D:3      | Reached XP level 6. HP: 6/52 MP: 6/6
  2710 | D:3      | Reached XP level 7. HP: 54/58 MP: 7/7
  2821 | D:3      | Found a shadowy altar of Dithmenos.
  2826 | D:3      | Became a worshipper of Dithmenos the Shadowed
  3230 | D:4      | Found Eheh's Armour Shoppe.
  3243 | D:4      | Bought a +0 buckler for 63 gold pieces
  3444 | D:4      | Reached * piety under Dithmenos
  3528 | D:4      | Found a staircase to the Ecumenical Temple.
  3535 | D:4      | Reached skill level 5 in Shields
  3535 | D:4      | Reached XP level 8. HP: 45/65 MP: 8/8
  3547 | Temple   | Entered the Ecumenical Temple
  3992 | D:5      | Entered Level 5 of the Dungeon
  3992 | D:5      | Noticed Eustachio
  4006 | D:5      | Killed Eustachio
  4013 | D:5      | Found a blossoming altar of Fedhas.
  4124 | D:5      | Noticed Dowan
  4126 | D:5      | Noticed Duvessa
  4238 | D:6      | Noticed a two-headed ogre
  4251 | D:6      | You fall through a shaft!
  4474 | D:6      | HP: 3/67 [poisoned by a killer bee]
  4475 | D:6      | HP: 1/67 [poisoned by a killer bee]
  4475 | D:6      | Mangled by a killer bee

Skill      XL: |  1  2  3  4  5  6  7  8 |
---------------+-------------------------+-----
Fighting       | 4 6 7 |  7.5
Axes           | 3 5 6 |  6.4
Shields        | 5 7 |  7.0
Armour         | |  3.2

Action                   |  1- 3 |  4- 6 |  7- 9 || total
-------------------------+-------+-------+-------++-------
Melee: War axe           |   121 |   144 |   196 ||   461
 Abil: Shaft Self        |       |       |     1 ||     1
Evoke: Wand              |       |     1 |     1 ||     2
  Use: Scroll            |       |     9 |       ||     9
       Potion            |       |       |     1 ||     1
 Stab: Confused          |       |       |     1 ||     1
  Eat: Chunk             |       |     4 |     5 ||     9
       Ration            |       |     1 |       ||     1
Armor: Scale mail        |    66 |    86 |    71 ||   223
Dodge: Dodged            |    82 |    64 |   119 ||   265
Block: Buckler           |       |       |    43 ||    43
